 Dungeon Sprint DCSS version 0.28-a0-906-g0406aca7d3 (webtiles) character file.

Game seed: 6576841333911916986

27354 Turgor the Executioner (level 13, -5/137 HPs)
             Began as a Minotaur Berserker on Nov 23, 2021.
             Was a High Priest of Trog.
             Killed from afar by Lom Lobon (42 damage)
             ... with a great icy blast
             ... in the Dungeon (Sprint I: "Red Sonja").
             The game lasted 01:00:41 (4788 turns).

Turgor the Executioner (Minotaur Berserker)         Turns: 4788, Time: 01:00:43

Health: -5/137     AC: 31    Str: 26    XL:     13   Next: 3%
Magic:  0/12       EV: 15    Int:  5    God:    Trog [*****.]
Gold:   2030       SH:  0    Dex: 13    Spells: 12/12 levels left

rFire   + . .      SeeInvis +   K - +10 dark maul {vorpal}
rCold   + + +      Faith    .   (shield currently unavailable)
rNeg    . . .      Spirit   +   y - +4 plate armour {rC+}
rPois   +          Reflect  .   (helmet unavailable)
rElec   +          Harm     .   l - +1 cloak {rPois}
rCorr   +          Rampage  .   t - +0 pair of gloves {Str+3}
Will    +++++      NoTele   +   p - +2 pair of boots of Greed {Will++ Dex+2}
Stlth   ..........              O - amulet "Epry" {Spirit Fly Will+}
HPRegen 1.32/turn               r - ring of see invisible
MPRegen 0.13/turn               v - ring of protection from cold

@: mighty, lethally poisoned (-5 -> -7), resistant, strong-willed, on berserk
cooldown, flying, regenerating, hasted and slowed
A: horns 3, retaliatory headbutt, deterioration 2, mutation resistance 1, weak 1
a: Renounce Religion, Berserk, Trog's Hand, Brothers in Arms


You were in the Dungeon.
You worshipped Trog.
Trog was extremely pleased with you.
You visited 1 branch You collected 6281 gold pieces.
You spent 4251 gold pieces at shops.

Inventory:

Hand Weapons
 a - a +7 hand axe of flaming
 n - a +0 short sword of distortion
 o - the +10 war axe of the Forest {flame, Will+ Str+3 Dex+6}
   (Trog gifted it to you in the Dungeon)

   It burns those it strikes, dealing additional fire damage.
   Big, fiery blades are also staple armaments of hydra-hunters.
   Str:       It affects your strength (+3).
   Dex:       It affects your dexterity (+6).
   Will:      It increases your willpower.
 x - a +5 antimagic executioner's axe
 K - the +10 dark maul (weapon) {vorpal}
   (You bought it in a shop in the Dungeon)

   It inflicts extra damage upon your enemies.
 L - a +2 battleaxe of flaming
 M - a +1 scythe of venom
 N - a +0 trident
Missiles
 m - 5 curare-tipped darts (quivered)
 w - 2 javelins
 D - 9 poisoned darts
Armour
 k - the +1 cloak of Starlight {*Dazzle EV+4 Stlth--}
   (You bought it in a shop in the Dungeon)

   It may blind those who miss an attack against the wearer in melee combat.
   EV:        It affects your evasion (+4).
   Stlth:     It makes you much less stealthy.
 l - a +1 cloak of poison resistance (worn)
 p - the +2 pair of boots of Greed (worn) {Will++ Dex+2}
   (You acquired it in the Dungeon)

   Dex:       It affects your dexterity (+2).
   Will:      It greatly increases your willpower.
 s - a +2 pair of boots
 t - a +0 pair of gloves of strength (worn)
 u - a +1 plate armour of fire resistance
 y - a +4 plate armour of cold resistance (worn)
 E - a +2 pair of gloves of archery
Jewellery
 r - a ring of see invisible (left hand)
 v - a ring of protection from cold (right hand)
 z - an amulet of reflection
 O - the amulet "Epry" (around neck) {Spirit Fly Will+}
   (You found it in the Dungeon)

   [amulet of guardian spirit]

   It causes incoming damage to be divided between your reserves of health and
   magic.
   Fly:       It grants you flight.
   Will:      It increases your willpower.
Wands
 i - a wand of flame (8)
 q - a wand of polymorph (15)
 B - a wand of iceblast (12)
Scrolls
 F - a scroll of fear {unknown}
 H - a scroll of immolation {unknown}
Potions
 b - 2 potions of flight
 c - 5 potions of curing
 e - a potion of haste
 f - 2 potions of magic
 g - a potion of berserk rage
 I - a potion of cancellation
Miscellaneous
 d - a tin of tremorstones (1/2)
 j - a piece from Xom's chessboard (15/15)
 C - a phial of floods


   Skills:
 + Level 19.1 Fighting
 - Level 24.0(24.3) Axes
 + Level 7.6(17.4) Maces & Flails
 + Level 19.0 Armour
 + Level 17.5 Dodging


You had 12 spell levels left.
You didn't know any spells.
Your spell library was empty.

Dungeon Overview and Level Annotations

Branches:
Dungeon (1/1)

Altars:
Cheibriados
Dithmenos
Elyvilon
Fedhas
Gozag
Hepliaklqana
Kikubaaqudgha
Makhleb
Nemelex Xobeh
Okawaru
Qazlal
Ru
Sif Muna
Trog
Uskayaw
Vehumet
Wu Jian
Xom
Yredelemnul
Zin
The Shining One
Jiyva
Lugonu

Shops:
D [**![[(![((*([:(*(([=[

Annotations:
D Lom Lobon, Tiamat


Innate Abilities, Weirdness & Mutations

You have a pair of large horns on your head.
You reflexively headbutt those who attack you in melee.
Your body often deteriorates upon taking damage.
You are somewhat resistant to further mutation.
You are weak. (Str -2)


Message History

There is an open door here.
You see here a +3 rapier of venom.
As you close the door, it creaks loudly!
You see here a ring of wizardry.
There is an open door here.
Lom Lobon opens the door.
Lom Lobon gestures.
Lom Lobon blinks!
There is an open door here.
Blink to where?
Press: ? - help, Dir - move target
As you read the scroll of blinking, it crumbles to dust.
You feel much better.
Okay, then.
There is an open door here.
Really fly into that net trap?
You become entangled in the net!
There is a net trap here.
You see here a throwing net.
You struggle against the net.
You are engulfed in dark miasma.
You struggle against the net.
You are engulfed in dark miasma.
You feel as though you will be slow longer.
You struggle against the net.
You are engulfed in dark miasma.
You feel as though you will be slow longer.
Your extra speed is starting to run out.
You rip the net and break free!
You are engulfed in dark miasma.
You are poisoned.
You feel as though you will be slow longer.
You feel very sick.
The tremorstone explodes into fragments!
The burst of rock shards engulfs Lom Lobon!
You feel very sick.
Unknown command.
You feel magic returning to you.
K - the +10 dark maul (weapon)
{vorpal} You feel sick.
Lom Lobon gestures at you.
Lom Lobon conjures a mighty blast of ice!
The great icy blast engulfs you!!! You partially resist.
You die...

#...###++##.##...#..≈##.§......##
#○○###..###.)#+###..≈#..§.......#
#..####..###...#.≈..##......§...#
##○#..#[.#.###.#.≈..#.....§..§...
##:#.○°......#.###..#.......§....
####○..○°....#.#.'..##......§§..#
#))'....°.####'#&##'##..........#
#####...###..))#§#≈≈≈##........##
#..)#####...####@#≈≈≈≈##...)..##.
#......)..###^...#≈≈≈≈≈########.°
.)....#####○°..####≈≈≈≈#≈≈≈≈≈#°°.
.....## ○○°°.^#..#'≈≈≈)≈≈.≈≈'°.°
....## ○○°°. #...##≈≈#&≈≈≈≈#≈○≈
....#


○○°○° #....######&#####≈ ##### ○○°°^°#....#≈≈≈&≈≈≈≈≈≈## ≈≈≈≈≈≈≈.
○○○.°°#######≈≈≈≈≈≈≈≈≈≈≈ ######## °°°..°+))#)='...≈≈≈≈≈≈≈# You could see Lom
Lobon (gusty).

Vanquished Creatures
  A golden dragon (D)
  A shadow dragon (D)
  4 fire giants (D)
  A lorocyproca (D)
  A mummy priest (D)
  A hydra (D)
  2 centaur warriors (D)
  Sonja (D)
  A deep troll (D)
  A lindwurm (D)
  2 oklob plants (D)
  8 shining eyes (D)
  A merfolk siren (D)
  7 unseen horrors (D)
  A demonic crawler (D)
  3 hornets (D)
  A slime creature (D)
  2 redbacks (D)
  Sigmund (D)
  13 hogs (D)
  A yak (D)
  5 floating eyes (D)
  7 necrophages (D)
  An ogre (D)
  8 jellies (D)
  Ijyb (D)
76 creatures vanquished.

Vanquished Creatures (collateral kills)
  the Lernaean hydra (D)
  A deep elf annihilator (D)
  A merfolk siren (D)
  2 gargoyles (D)
  3 demonic crawlers (D)
  2 kobold demonologists (D)
  A hellwing (D)
  A hornet (D)
  2 floating eyes (D)
14 creatures vanquished.

Vanquished Creatures (others)
  A deep elf master archer (D)
  A hornet (D)
  3 ball lightnings (D)
  2 ballistomycete spores (D)
7 creatures vanquished.

Grand Total: 97 creatures vanquished

Notes
Turn   | Place    | Note
-------+----------+-------------------------------------------
     0 | D        | Turgor the Minotaur Berserker began the quest for the Orb.
     0 | D        | Reached XP level 1. HP: 19/19 MP: 0/0
     2 | D        | Noticed Ijyb
    12 | D        | Killed Ijyb
    13 | D        | Reached skill level 5 in Axes
    13 | D        | Reached XP level 2. HP: 23/28 MP: 1/1
   138 | D        | Noticed an ogre
   142 | D        | Killed an ogre
   143 | D        | Reached skill level 7 in Axes
   143 | D        | Reached skill level 5 in Armour
   143 | D        | Reached XP level 3. HP: 37/37 MP: 2/2
   143 | D        | Reached XP level 4. HP: 44/44 MP: 3/3
   187 | D        | Noticed Sigmund
   192 | D        | Killed Sigmund
   192 | D        | Reached ** piety under Trog
   193 | D        | Reached skill level 10 in Axes
   193 | D        | Reached XP level 5. HP: 52/52 MP: 4/4
   235 | D        | Found an ornate altar of the Wu Jian Council.
   235 | D        | Found a shimmering blue altar of Sif Muna.
   237 | D        | Found a radiant altar of Vehumet.
   241 | D        | Reached XP level 6. HP: 61/61 MP: 5/5
   242 | D        | Found a viscous altar of Jiyva.
   242 | D        | Found a corrupted altar of Lugonu.
   242 | D        | Noticed a slime creature
   243 | D        | Found a burning altar of Makhleb.
   243 | D        | Found a shimmering altar of Xom.
   251 | D        | Killed a slime creature
   252 | D        | Reached skill level 11 in Axes
   515 | D        | Found For Acuo's Distillery.
   515 | D        | Found an ancient bone altar of Kikubaaqudgha.
   515 | D        | Found a hazy altar of Hepliaklqana.
   515 | D        | Found a stormy altar of Qazlal.
   515 | D        | Found a hide-covered altar of Uskayaw.
   515 | D        | Found a blossoming altar of Fedhas.
   515 | D        | Found a bloodstained altar of Trog.
   515 | D        | Found an iron altar of Okawaru.
   515 | D        | Found a basalt altar of Yredelemnul.
   515 | D        | Found a glowing golden altar of the Shining One.
   515 | D        | Found a snail-covered altar of Cheibriados.
   515 | D        | Found a sacrificial altar of Ru.
   515 | D        | Found a glowing silver altar of Zin.
   515 | D        | Found a shadowy altar of Dithmenos.
   515 | D        | Found a white marble altar of Elyvilon.
   515 | D        | Noticed a yak
   523 | D        | Killed a yak
   524 | D        | Reached skill level 12 in Axes
   524 | D        | Reached XP level 7. HP: 37/70 MP: 6/6
   524 | D        | Found an opulent altar of Gozag.
   525 | D        | Found a sparkling altar of Nemelex Xobeh.
   682 | D        | Noticed a centaur warrior
   682 | D        | Noticed a centaur warrior
   692 | D        | Killed a centaur warrior
   693 | D        | Reached skill level 10 in Fighting
   693 | D        | Reached skill level 14 in Axes
   693 | D        | Reached skill level 10 in Armour
   693 | D        | Reached XP level 8. HP: 80/80 MP: 7/7
   694 | D        | Killed a centaur warrior
   694 | D        | Reached *** piety under Trog
   695 | D        | Reached skill level 15 in Axes
   695 | D        | Reached skill level 10 in Dodging
   753 | D        | Noticed a deep troll
   762 | D        | Killed a deep troll
   763 | D        | Reached XP level 9. HP: 90/90 MP: 8/8
   856 | D        | Found Neesmuru's Armour Emporium.
   877 | D        | Bought a +1 cloak of poison resistance for 189 gold pieces
   890 | D        | Noticed Sonja
   902 | D        | Killed Sonja
   903 | D        | Reached skill level 16 in Axes
   949 | D        | Found Irchil's Armour Boutique.
  1034 | D        | Noticed an oklob plant
  1043 | D        | Killed an oklob plant
  1043 | D        | Reached **** piety under Trog
  1044 | D        | Reached skill level 17 in Axes
  1192 | D        | Reached XP level 10. HP: 87/101 MP: 9/9
  1192 | D        | Reached ***** piety under Trog
  1196 | D        | Received a gift from Trog
  1357 | D        | Reached skill level 18 in Axes
  1376 | D        | Received a gift from Trog
  1456 | D        | Found Iwamm's Distillery.
  1456 | D        | Found Sonlecef's Weapon Shop.
  1456 | D        | Found Butimm's Antique Armour Boutique.
  1458 | D        | Found Mell's Antique Weapon Emporium.
  1458 | D        | Found Xemp's Antique Weapon Shop.
  1458 | D        | Found Aluskigo's General Store.
  1458 | D        | Found Ikkun's Antique Weapon Boutique.
  1458 | D        | Found Agajirak's Antique Armour Emporium.
  1458 | D        | Found Rast's Book Shop.
  1458 | D        | Found Dittusyt's Weapon Shoppe.
  1462 | D        | Found Ophoixau's General Store.
  1463 | D        | Found Zaoriadgh's Weapon Emporium.
  1463 | D        | Found Zikhlybb's Weapon Boutique.
  1464 | D        | Found Janor's Jewellery Emporium.
  1465 | D        | Bought a scroll of identify for 20 gold pieces
  1479 | D        | Bought a pair of embroidered boots for 142 gold pieces
  1479 | D        | Bought a pair of glowing gloves for 142 gold pieces
  1489 | D        | Bought a shiny plate armour for 494 gold pieces
  1505 | D        | Bought a ring of see invisible for 180 gold pieces
  1505 | D        | Bought a ring of protection from cold for 300 gold pieces
  1548 | D        | Received a gift from Trog
  1549 | D        | Noticed a sun demon
  1550 | D        | Reached skill level 19 in Axes
  1564 | D        | Noticed a gargoyle
  1567 | D        | Killed a gargoyle
  1572 | D        | Noticed a lorocyproca
  1593 | D        | Killed a lorocyproca
  1594 | D        | Reached skill level 20 in Axes
  1594 | D        | Reached XP level 11. HP: 106/111 MP: 0/10
  2042 | D        | Noticed a lindwurm
  2046 | D        | Killed a lindwurm
  2046 | D        | Reached ****** piety under Trog
  2059 | D        | Reached skill level 15 in Fighting
  2061 | D        | Identified the +3 dagger of the Dove {flame, rN++ Int-5}
                  | (Trog gifted it to you in the Dungeon)
  2061 | D        | Received a gift from Trog
  2070 | D        | Reached skill level 15 in Armour
  2075 | D        | Identified the +7 great sword "Sybuus" {flame, Str+3} (Trog
                  | gifted it to you in the Dungeon)
  2075 | D        | Received a gift from Trog
  2153 | D        | Noticed a 12-headed hydra
  2155 | D        | Killed an 11-headed hydra
  2156 | D        | Reached skill level 21 in Axes
  2233 | D        | Noticed a daeva
  2245 | D        | Received a gift from Trog
  2708 | D        | Noticed a fire giant
  2715 | D        | Noticed a fire giant
  2715 | D        | Noticed a fire giant
  2725 | D        | Killed a fire giant
  2726 | D        | Reached skill level 22 in Axes
  2726 | D        | Killed a fire giant
  2727 | D        | Reached skill level 15 in Dodging
  2730 | D        | Killed a fire giant
  2730 | D        | Identified the +10 war axe of the Forest {flame, Will+
                  | Str+3 Dex+6} (Trog gifted it to you in the Dungeon)
  2730 | D        | Received a gift from Trog
  2738 | D        | Noticed a fire giant
  2747 | D        | Killed a fire giant
  2748 | D        | Reached XP level 12. HP: 49/124 MP: 3/11
  2787 | D        | Found the +4 dragonskin cloak
  2787 | D        | Noticed Tiamat
  3437 | D        | Noticed a shadow dragon
  3437 | D        | Noticed a golden dragon
  3449 | D        | Killed a shadow dragon
  3450 | D        | Reached skill level 23 in Axes
  3453 | D        | Killed a golden dragon
  3523 | D        | Found Ganiv's Armour Shoppe.
  3612 | D        | Gained mutation: Your body sometimes deteriorates upon
                  | taking damage. [a shining eye]
  3612 | D        | Gained mutation: You are weak. (Str -2) [a shining eye]
  3622 | D        | Paralysed by a floating eye for 4 turns
  3631 | D        | Received a gift from Trog
  3641 | D        | Gained mutation: Your body often deteriorates upon taking
                  | damage. [a shining eye]
  3651 | D        | Gained mutation: You have a pair of large horns on your
                  | head. [a shining eye]
  3659 | D        | Reached skill level 24 in Axes
  3664 | D        | Reached skill level 1 in Maces & Flails
  3664 | D        | Gained mutation: You are somewhat resistant to further
                  | mutation. [a shining eye]
  3689 | D        | Received a gift from Trog
  3711 | D        | Found Gughanyi's Armour Shop.
  3711 | D        | Found Sixkuampu's Assorted Antiques.
  3711 | D        | Found Caigil's Antique Armour Boutique.
  3711 | D        | Found Pigrecax's General Store.
  3734 | D        | Bought the +1 cloak of Starlight {*Dazzle EV+4 Stlth--} for
                  | 366 gold pieces
  3734 | D        | Found the +1 cloak of Starlight {*Dazzle EV+4 Stlth--}
  3734 | D        | Bought a +4 plate armour of cold resistance for 600 gold
                  | pieces
  3756 | D        | Bought a pair of embroidered gloves for 180 gold pieces
  3765 | D        | Bought a scroll labelled EHAOM SEFAHEE for 31 gold pieces
  3765 | D        | Bought a potion of heal wounds for 155 gold pieces
  3765 | D        | Bought a scroll labelled GETHRUSMAHUQ for 31 gold pieces
  3765 | D        | Bought a scroll of identify for 62 gold pieces
  3765 | D        | Bought a runed peridot ring for 155 gold pieces
  3795 | D        | Identified a scroll of acquirement
  3796 | D        | Acquired the +2 pair of boots of Greed {Will++ Dex+2}
  3814 | D        | Bought a potion of haste for 110 gold pieces
  3814 | D        | Bought a potion of cancellation for 88 gold pieces
  3814 | D        | Bought a potion of curing for 33 gold pieces
  3955 | D        | Bought a potion of might for 40 gold pieces
  3970 | D        | Bought the +10 dark maul {vorpal} for 933 gold pieces
  3970 | D        | Found the +10 dark maul {vorpal}
  4206 | D        | Noticed a deep elf annihilator
  4217 | D        | Killed a deep elf annihilator
  4218 | D        | Received a gift from Trog
  4225 | D        | Reached skill level 5 in Maces & Flails
  4233 | D        | Noticed a mummy priest
  4384 | D        | Killed a mummy priest
  4408 | D        | Noticed the 27-headed Lernaean hydra
  4415 | D        | Killed the 26-headed Lernaean hydra
  4416 | D        | Reached XP level 13. HP: 70/137 MP: 12/12
  4686 | D        | Identified the +4 morningstar "Geakkat" {vorpal, Str+5
                  | Int+6 Stlth-}
  4687 | D        | Identified the amulet "Epry" {Spirit Fly Will+}
  4745 | D        | Noticed Lom Lobon
  4745 | D        | Found the +10 morningstar "Eos" {elec, Halo rElec}
  4751 | D        | Noticed a deep elf master archer
  4755 | D        | Killed a deep elf master archer
  4788 | D        | Killed from afar by Lom Lobon

Illustrated notes

Levels and vault maps discovered:
D:        dungeon_sprint_1 [red_sonja_temple_1, red_sonja_temple_small_1]

Skill      XL: |  1  2  3  4  5  6  7  8  9 10 11 12 13 |
---------------+----------------------------------------+-----
Fighting       | 4 6 7 9 10 11 13 14 16 19 | 19.1
Axes           | 5 7 10 12 14 15 17 20 22 24 | 24.0
Armour         | 3 5 7 8 10 11 12 14 16 18 19 | 19.0
Dodging        | 3 4 6 8 9 10 11 13 15 17 | 17.5
Maces & Flails | 7 |  7.6

Action                   |  1- 3 |  4- 6 |  7- 9 | 10-12 | 13-15 || total
-------------------------+-------+-------+-------+-------+-------++-------
Melee: Hand axe          |    11 |    21 |    63 |     7 |       ||   102
       Headbutt          |     1 |    10 |    10 |    45 |     1 ||    67
       Battleaxe         |       |       |       |    94 |       ||    94
       Executioner's axe |       |       |       |    65 |     6 ||    71
       Scythe            |       |       |       |     9 |       ||     9
Invok: Berserk           |     2 |     2 |     4 |     5 |     1 ||    14
       Trog's Hand       |       |       |     3 |     8 |     1 ||    12
       Brothers in Arms  |       |       |       |     6 |     1 ||     7
Evoke: Piece from Xom's  |       |       |       |     1 |       ||     1
       Tin of tremorston |       |       |       |       |     1 ||     1
  Use: Scroll            |       |       |       |     5 |     1 ||     6
       Potion            |       |       |       |     1 |     4 ||     5
Armor: Leather armour    |       |     1 |    11 |    19 |       ||    31
       Plate armour      |       |       |       |   103 |     3 ||   106
Dodge: Dodged            |     3 |     5 |    34 |    64 |       ||   106
Block: Other             |       |       |       |    15 |       ||    15

Table legend: (Time is in decaauts)
 A = Elapsed time spent in this place.
 B = Non-inter-level travel time spent in this place.
 C = Inter-level travel time spent in this place.
 D = Time resting spent in this place.
 E = Time spent auto-exploring this place.
 F = Levels seen in this place.
 G = Mean time per level.
                   A        B        C        D        E       F      G
               +--------+--------+--------+--------+--------+-----+--------+
         Total |   4847 |   4710 |    137 |   2533 |      0 |   1 | 4847.0 |
       Dungeon |   4847 |   4710 |    137 |   2533 |      0 |   1 | 4847.0 |
               +--------+--------+--------+--------+--------+-----+--------+

Top non-repeatable levels by time:
       D: 4847 daAuts
